 Dungeon Crawl Stone Soup version 0.29.0-11-gd7f09526c8 (webtiles) character file.

Game seed: 16984738063129011067

23 rigrig the Insei (level 2, 18/18 HPs)
             Began as an Octopode Transmuter on Sept 6, 2022.
             Was a Follower of Dithmenos.
             Quit the game on level 1 of the Dungeon.
             The game lasted 00:01:44 (1177 turns).

rigrig the Insei (Octopode Transmuter)              Turns: 1177, Time: 00:01:44

Health: 18/18      AC:  1    Str:  9    XL:     2   Next: 95%
Magic:  5/5        EV: 13    Int: 15    God:    Dithmenos [*.....]
Gold:   17         SH:  0    Dex: 12    Spells: 4/5 levels left

rFire   . . .      SeeInvis .     - Unarmed
rCold   . . .      Faith    .   (no shield)
rNeg    . . .      Spirit   .   (helmet restricted)
rPois   .          Reflect  .   (no amulet)
rElec   .          Harm     .   (no ring)
rCorr   .          Rampage  .   (no ring)
Will    .....                   (no ring)
Stlth   +++.......              (no ring)
HPRegen 0.06/turn               (no ring)
MPRegen 0.09/turn               (no ring)
                                (no ring)
                                (no ring)

@: wreathed by umbra
A: almost no armour, amphibious, 8 rings, camouflage 1, gelatinous body 1,
(nimble swimmer 1), tentacles
a: Renounce Religion


You were on level 1 of the Dungeon.
You worshipped Dithmenos.
Dithmenos was aware of your devotion.
You visited 1 branch of the dungeon, and saw 1 of its levels.

You collected 17 gold pieces.

Inventory:

Scrolls
 b - a scroll of noise {unknown}
 e - a scroll of poison {unknown}
Potions
 a - a potion of lignification
 c - a potion of invisibility {unknown}
 d - a potion of mutation {unknown}


   Skills:
 + Level 1.5 Fighting
 - Level 2.0 Dodging
 * Level 3.5 Unarmed Combat
 - Level 2.0 Spellcasting
 + Level 2.3 Transmutations


You had 4 spell levels left.
You knew the following spells:

 Your Spells              Type           Power      Damage    Failure   Level
a - Beastly Appendage     Tmut           16%        N/A       9%          1

Your spell library contained the following spells:

 Spells                   Type           Power      Damage    Failure   Level
 Wereblood                Tmut           8%         N/A       13%         2
 Spider Form              Tmut/Pois      5%         N/A       38%         3
 Ice Form                 Ice/Tmut       5%         N/A       80%         4


Dungeon Overview and Level Annotations

Branches:
Dungeon (1/15)

Altars:
Dithmenos


Innate Abilities, Weirdness & Mutations

You cannot wear most types of armour.
You are amphibious.
You can wear up to eight rings at the same time.
Your skin changes colour to match your surroundings (Stealth+).
Your rubbery body absorbs attacks. (AC +1, EV +1)
((You are camouflaged when in or above water. (Stealth+)))
You have tentacles for arms and can constrict up to eight enemies at once.


Message History

You open the door.
There is an open door here.
You open the door. You open the door.
There is an open door here.
A rat comes into view.
One of your tentacles grows a vicious spike.
You closely miss the rat. You grab the rat. Your squeeze misses the rat.
You constrict the rat. The rat closely misses you.
You barely miss the rat.
You pierce the rat.
You kill the rat!
Dithmenos accepts your kill.
Your transformation is almost over.
No target in view!
Your tentacle spike disappears.
You open the door.
There is an open door here.
A frilled lizard comes into view.
One of your tentacles grows a vicious spike.
The helpless frilled lizard fails to defend itself.
You bludgeon the frilled lizard!
You kill the frilled lizard!
Dithmenos accepts your kill.
No target in view!
Your transformation is almost over.
You see here a frilled lizard corpse.
Your tentacle spike disappears.
A frilled lizard comes into view.
One of your tentacles grows a vicious spike.
The helpless frilled lizard fails to defend itself.
You tentacle-slap the frilled lizard.
You kill the frilled lizard!
Dithmenos accepts your kill.
No target in view!
Your transformation is almost over.
Your tentacle spike disappears.
e - a scroll labelled LUUCLO DISA Done exploring.
Done exploring.
Are you sure you want to abandon this character and quit the game? (Confirm with "yes".)

#.......###.##.#
##'####....#....####
#.....#.##.#######..
#...#.#.##....####..
#...#.#.##....#.....
#...#.#.##..........
#...#.#.##..........
#...#.#.##.###...#..
#..@#............#..
#...#...#.####...###
#...#†.....###...#
#...#........#...###
#...#......#........
#...#.#..###........
#...#...............
##########.##.......
#.......##.......


There were no monsters in sight!

Vanquished Creatures
  A dart slug (D:1)
  4 ball pythons (D:1)
  3 endoplasms (D:1)
  2 goblins (D:1)
  A quokka (D:1)
  5 bats (D:1)
  2 frilled lizards (D:1)
  2 kobolds (D:1)
  3 rats (D:1)
23 creatures vanquished.

Notes
Turn   | Place    | Note
-------+----------+-------------------------------------------
     0 | D:1      | rigrig the Octopode Transmuter began the quest for the Orb.
     0 | D:1      | Reached XP level 1. HP: 13/13 MP: 3/3
   231 | D:1      | Reached XP level 2. HP: 12/18 MP: 3/5
   672 | D:1      | Found a faded altar of an unknown god.
   681 | D:1      | Prayed at the altar of an unknown god.
   681 | D:1      | Became a worshipper of Dithmenos the Shadowed
   681 | D:1      | Reached * piety under Dithmenos
  1177 | D:1      | Quit the game

Illustrated notes

Levels and vault maps discovered:
D:1:      amcnicky_arrival_wind_blow, layout_basic, basic_ecumenical_altar

Action                   || total
-------------------------++-------
Melee: Unarmed           ||    33
       Constrict         ||    14
       Kick              ||    12
       Tentacles         ||     4
 Cast: Beastly Appendage ||    14
 Stab: Sleeping          ||     5
Armor: Skin              ||     7
Dodge: Dodged            ||    22
